Map: Rainfall LE

Players

liquidclem (Clem) - Winner!

  • Race: Terran Terran
  • League: Grandmaster
  • Spawn Location: 5:00

Krystianer

  • Race: Protoss Protoss
  • League: Grandmaster
  • Spawn Location: 11:00

Event: HomeStory Cup XXIX

VOD

Have the link to the VOD?

Description

Time

  • Played on: July 5, 2026, 8:15 a.m.
  • Length: 14:00

All games in this series

Show
View Real Time Build Order
Export as new Build Order

liquidclem Terran - Winner!

Build Orders: Reaper Expand 

Get SALT Encoding   

  8  0:00  SCV  
  9  0:12  SCV  
  10  0:24  SCV  
  10  0:27  Supply Depot  
  11  0:36  SCV  
  12  0:48  SCV  
  13  0:53  Barracks  
  13  1:00  SCV  
  14  1:06  Refinery  
  14  1:12  SCV  
  15  1:25  SCV  
  16  1:27  Engineering Bay  
  16  1:42  Orbital Command  
  16  1:49  Reaper  
  17  2:09  SCV  
  18  2:18  Command Center  
  18  2:21  SCV  
  19  2:24  Barracks Reactor  
  19  2:31  Supply Depot  
  19  2:35  SCV  
  20  2:45  Factory  
  20  2:48  SCV  
  21  2:56  Refinery  
  21  3:00  SCV  
  21  3:01  Marine  
  21  3:03  Marine  
  24  3:12  SCV  
  24  3:19  Marine  
  25  3:21  Marine  
  25  3:25  SCV  
  28  3:29  Orbital Command  
  28  3:31  Factory Tech Lab  
  28  3:37  SCV  
  28  3:39  Starport  
  29  3:44  Marine x2  
  31  3:49  SCV  
  31  3:54  Siege Tank  
  35  3:57  SCV  
  35  4:01  SCV  
  37  4:07  Marine  
  37  4:08  Supply Depot  
  37  4:09  SCV  
  39  4:10  Marine  
  39  4:14  SCV  
  41  4:20  Viking  
  41  4:24  Orbital Command  
  42  4:25  Marine  
  42  4:29  Marine  
  42  4:30  Siege Tank  
  46  4:32  SCV  
  44  4:44  SCV  
  44  4:45  Supply Depot, Marine  
  45  4:49  SCV  
  47  4:53  Marine  
  47  4:56  SCV  
  48  5:01  Starport Tech Lab  
  48  5:02  SCV  
  48  5:07  Siege Tank  
  48  5:08  SCV  
  48  5:14  SCV, Supply Depot, Marine  
  53  5:17  Marine  
  53  5:21  SCV  
  56  5:22  Raven  
  56  5:26  SCV  
  58  5:29  Barracks  
  58  5:35  SCV  
  58  5:38  SCV, Supply Depot  
  58  5:40  Marine x2  
  62  5:48  SCV, Barracks  
  62  5:50  SCV  
  62  5:55  Siege Tank  
  66  6:00  SCV, Engineering Bay  
  66  6:02  SCV  
  68  6:04  Marine  
  68  6:05  Marine, Refinery  
  70  6:12  SCV, Supply Depot  
  70  6:14  SCV  
  72  6:23  Stimpack  
  72  6:24  Marauder  
  74  6:30  Missile Turret  
  74  6:31  Terran Infantry Weapons Level 1  
  74  6:33  Marine x2  
  74  6:34  SCV x2  
  74  6:37  Supply Depot  
  74  6:39  Refinery  
  78  6:40  Combat Shield  
  78  6:45  Supply Depot  
  78  6:46  SCV x2  
  80  6:49  Marauder  
  80  6:52  Bunker  
  82  6:59  Marine x2, Marauder, Bunker  
  82  7:01  SCV x2  
  88  7:02  Starport Reactor  
  88  7:03  Factory Reactor  
  88  7:12  Supply Depot  
  88  7:13  Marauder, SCV  
  88  7:14  SCV  
  91  7:23  Command Center  
  91  7:27  Marine x2  
  93  7:31  Supply Depot  
  93  7:32  Marauder  
  93  7:33  SCV  
  93  7:35  SCV  
  97  7:38  Marauder  
  97  7:39  Medivac  
  97  7:42  Medivac  
  100  7:46  Widow Mine x2  
  100  7:47  Marine  
  100  7:48  Marine  
  106  7:55  Marauder, Supply Depot  
  108  8:02  Marauder  
  108  8:03  Concussive Shells  
  110  8:06  Marine  
  110  8:08  Widow Mine, Marine  
  114  8:17  Medivac x2, SCV x2, Widow Mine  
  122  8:21  Supply Depot  
  122  8:26  Terran Infantry Armor Level 1, Supply Depot  
  122  8:27  Marine x2  
  122  8:28  Marauder  
  122  8:29  SCV x2  
  127  8:36  Marauder  
  130  8:41  SCV x2  
  130  8:43  Supply Depot  
  130  8:45  Widow Mine x2  
  135  8:49  Orbital Command  
  135  8:53  Marine x2, SCV  
  135  8:54  Marauder, SCV  
  141  8:59  Medivac  
  141  9:02  Medivac, Barracks  
  145  9:05  SCV  
  145  9:06  Barracks  
  146  9:11  Supply Depot  
  146  9:14  Marine x2  
  146  9:15  SCV  
  146  9:16  Marauder  
  146  9:17  SCV  
  150  9:18  SCV  
  149  9:27  SCV  
  149  9:29  SCV, Marine  
  149  9:30  SCV  
  153  9:37  Marauder  
  153  9:38  Widow Mine x2, Marine  
  156  9:39  SCV  
  156  9:41  SCV  
  156  9:42  SCV  
  155  9:47  Marauder  
  155  9:50  Marine  
  155  9:51  SCV  
  159  9:52  Ghost Academy  
  159  9:53  SCV  
  159  9:54  SCV  
  159  9:56  Barracks Tech Lab  
  159  9:57  Barracks Reactor  
  161  10:01  Armory  
  161  10:03  Engineering Bay, SCV  
  161  10:05  SCV, Refinery  
  163  10:07  Refinery  
  163  10:08  Marine  
  163  10:09  Supply Depot  
  164  10:14  Supply Depot, Sensor Tower  
  164  10:15  Medivac x2  
  168  10:24  Ghost x2  
  174  10:28  Missile Turret  
  174  10:30  Supply Depot  
  177  10:40  Command Center  
  176  10:44  Supply Depot  
  176  10:51  Viking x2  
  176  10:55  Ghost x3  
  186  11:01  Starport  
  186  11:02  Barracks  
  186  11:03  Terran Infantry Weapons Level 2  
  185  11:04  Barracks  
  185  11:06  Barracks  
  185  11:07  Missile Turret  
  175  11:11  Marine x2  
  175  11:12  Marine x2  
  175  11:17  Terran Infantry Armor Level 2  
  175  11:21  Terran Ship Weapons Level 1  
  175  11:23  Ghost  
  178  11:26  Marauder  
  178  11:28  Marauder  
  178  11:29  Marine x2  
  178  11:30  Marine x2  
  186  11:37  Viking x2  
  189  11:41  SCV  
  189  11:43  SCV  
  189  11:45  SCV  
  192  11:47  Marauder  
  192  11:52  Marauder  
  196  11:59  Barracks Tech Lab x2, Command Center  
  196  12:01  Command Center  
  196  12:02  Refinery  
  196  12:04  Refinery  
  196  12:06  Sensor Tower  
  196  12:08  Ghost  
  199  12:21  Barracks Tech Lab  
  199  12:23  Barracks Reactor  
  199  12:26  Command Center  
  199  12:29  Planetary Fortress  
  199  12:33  Missile Turret  
  199  12:54  Starport  
  198  13:13  Orbital Command  
  198  13:14  Marauder  
  200  13:25  Viking  
  195  13:28  Viking  
  195  13:29  Marauder  
  195  13:30  Marauder  
  195  13:32  Marauder x2, Marine x4  
  186  13:34  Marine  
  186  13:36  Marauder, Marine  
  186  13:38  Starport Reactor  
Show
View Real Time Build Order
Export as new Build Order

Krystianer Protoss 

Build Orders:  

Get SALT Encoding   

  8  0:00  Probe (Chrono Boost)  
  9  0:12  Probe (Chrono Boost)  
  10  0:17  Probe (Chrono Boost)  
  11  0:26  Probe  
  12  0:31  Pylon  
  12  0:38  Probe  
  13  0:50  Probe  
  13  0:53  Gateway  
  14  1:03  Probe (Chrono Boost)  
  15  1:07  Assimilator  
  16  1:12  Probe (Chrono Boost)  
  16  1:17  Probe (Chrono Boost)  
  17  1:29  Probe  
  18  1:41  Probe  
  19  1:53  Probe  
  20  2:00  Cybernetics Core  
  20  2:01  Nexus  
  20  2:07  Pylon  
  20  2:10  Probe  
  21  2:17  Assimilator  
  21  2:25  Probe  
  22  2:32  Warp Gate (Chrono Boost)  
  22  2:35  Stalker (Chrono Boost)  
  24  2:38  Probe  
  25  2:54  Stalker  
  27  2:59  Gateway  
  27  3:01  Gateway  
  27  3:18  Probe  
  28  3:21  Probe, Stalker  
  31  3:30  Probe  
  31  3:33  Probe  
  33  3:42  Probe, Pylon  
  33  3:45  Probe  
  35  3:49  Shield Battery  
  35  3:57  Probe  
  36  4:06  Stalker  
  36  4:08  Stalker x2  
  40  4:11  Probe  
  40  4:15  Probe  
  42  4:30  Stalker  
  43  4:32  Probe x2  
  43  4:33  Stalker  
  43  4:42  Stalker  
  43  4:44  Probe (Chrono Boost)  
  43  4:49  Probe (Chrono Boost)  
  43  4:52  Twilight Council  
  43  4:55  Probe (Chrono Boost)  
  43  4:58  Probe (Chrono Boost)  
  43  4:59  Probe (Chrono Boost)  
  44  5:04  Stalker  
  47  5:08  Probe  
  47  5:09  Pylon  
  49  5:19  Robotics Facility  
  49  5:21  Probe  
  49  5:22  Shield Battery, Probe  
  49  5:23  Charge (Chrono Boost)  
  50  5:32  Pylon  
  50  5:33  Probe  
  50  5:34  Probe  
  52  5:39  Assimilator  
  52  5:40  Assimilator  
  52  5:45  Probe  
  52  5:46  Probe  
  54  5:52  Gateway  
  54  5:55  Gateway  
  54  5:57  Probe  
  54  5:58  Probe  
  56  6:06  Observer, Gateway  
  56  6:07  Gateway  
  56  6:09  Templar Archives  
  56  6:17  Gateway  
  57  6:21  Zealot  
  57  6:24  Pylon  
  57  6:25  Zealot  
  61  6:29  Zealot  
  63  6:36  Probe  
  64  6:40  Blink (Chrono Boost)  
  64  6:53  High Templar x2  
  68  6:55  Nexus  
  68  6:57  Pylon  
  68  7:03  Probe x2  
  70  7:10  Psionic Storm  
  70  7:15  Probe x2  
  72  7:18  Zealot x2  
  76  7:25  Pylon  
  76  7:27  Probe x2  
  76  7:29  Warp Prism (Chrono Boost)  
  80  7:39  Probe x2  
  78  7:49  Stalker  
  78  7:51  Probe x2  
  78  7:57  High Templar x2  
  84  8:00  Zealot x2  
  84  8:03  Probe x2  
  90  8:07  Pylon  
  90  8:13  Probe  
  90  8:15  Probe  
  90  8:16  Probe  
  90  8:17  Shield Battery  
  93  8:22  High Templar x2  
  93  8:25  Zealot x4, Probe  
  105  8:27  Archon  
  105  8:28  Probe  
  105  8:33  Zealot x2  
  106  8:36  Pylon  
  106  8:39  Pylon  
  106  8:43  Pylon  
  106  8:48  Pylon  
  106  9:01  Stalker x5  
  106  9:02  Stalker x2  
  120  9:03  Zealot  
  120  9:05  Probe  
  123  9:11  Pylon  
  117  9:26  Zealot x8  
  117  9:28  Probe  
  133  9:35  Probe  
  133  9:36  Probe  
  129  9:40  Probe  
  122  9:46  Forge  
  122  9:47  Forge  
  122  9:48  High Templar  
  122  9:49  High Templar x3, Zealot x4  
  139  9:54  Archon x2  
  132  10:03  Observer (Chrono Boost)  
  133  10:08  Nexus  
  133  10:09  Pylon  
  133  10:13  Robotics Bay  
  133  10:15  Probe x3  
  133  10:17  Protoss Ground Weapons Level 1 (Chrono Boost)  
  136  10:22  Protoss Ground Armor Level 1 (Chrono Boost), Pylon  
  136  10:30  Zealot x7  
  136  10:34  Probe, Assimilator  
  151  10:40  Probe x2, Pylon x2  
  153  10:48  Probe  
  154  10:56  Zealot  
  154  10:57  Zealot  
  158  10:59  Colossus (Chrono Boost)  
  158  11:01  Extended Thermal Lance (Chrono Boost)  
  160  11:17  Probe  
  161  11:21  Zealot x5  
  161  11:22  High Templar  
  161  11:23  Robotics Facility  
  171  11:28  Shield Battery  
  169  11:41  Colossus (Chrono Boost)  
  169  11:42  Nexus  
  169  11:44  Pylon  
  173  11:50  Stalker x4  
  181  12:01  Probe x4  
  185  12:03  Stalker x3  
  187  12:27  Photon Cannon  
  187  12:28  Zealot x3  
  187  12:29  Zealot, Photon Cannon  
  195  12:30  Shield Battery  
  195  12:37  Pylon  
  195  12:45  Gateway  
  195  12:47  Gateway  
  195  12:48  Gateway  
  195  12:50  Gateway  
  195  12:53  Observer (Chrono Boost)  
  196  13:02  Stalker x3  
  198  13:26  Zealot x2  
  198  13:27  Zealot x4  
  200  13:31  Zealot x2  
  160  13:38  Probe  
  103  13:50  Zealot x6  
Tags
 
Add a new tag
Caveats
  • Supply blocks, unpowered buildings, or Contaminate may cause inaccurate times.
  • Supply counts are checked every 10 seconds.